 Dungeon Crawl Stone Soup version 0.28.0 (webtiles) character file.

Game seed: 14379048386848988181

4 RighteousDevil the Conjurer (level 1, 0/14 HPs)
             Began as a Demigod Conjurer on Feb 15, 2022.
             Slain by a quokka (2 damage)
             ... on level 1 of the Dungeon.
             The game lasted 00:00:30 (35 turns).

RighteousDevil the Conjurer (Demigod Conjurer)        Turns: 35, Time: 00:00:31

Health: 0/14       AC:  2    Str:  8    XL:     1   Next: 46%
Magic:  0/5        EV: 12    Int: 20    God:
Gold:   0          SH:  0    Dex: 12    Spells: 2/3 levels left

rFire   . . .      SeeInvis .   b - +0 club
rCold   . . .      Faith    .   (no shield)
rNeg    . . .      Spirit   .   a - +0 robe
rPois   .          Reflect  .   (no helmet)
rElec   .          Harm     .   (no cloak)
rCorr   .          Rampage  .   (no gloves)
Will    .....                   (no boots)
Stlth   ++........              (no amulet)
HPRegen 0.04/turn               (no ring)
MPRegen 0.09/turn               (no ring)

@: no status effects
A: high MP 1, forlorn, divine attributes
a: no special abilities


You were on level 1 of the Dungeon.
You visited 1 branch of the dungeon, and saw 1 of its levels.

Inventory:

Hand Weapons
 b - a +0 club (weapon)
Armour
 a - a +0 robe (worn)


   Skills:
 + Level 1.9 Dodging
 + Level 1.9 Stealth
 + Level 1.8 Spellcasting
 + Level 3.6 Conjurations


You had 2 spell levels left.
You knew the following spells:

 Your Spells              Type           Power      Damage    Failure   Level
a - Magic Dart            Conj           64%        1d6       3%          1

Your spell library contained the following spells:

 Spells                   Type           Power      Damage    Failure   Level
 Searing Ray              Conj           32%        2d5       5%          2
 Dazzling Flash           Conj/Hex       18%        N/A       22%         3
 Fulminant Prism          Conj/Hex       4%         3d6       58%         4
 Iskenderun's Mystic Bla  Conj/Tloc      9%         2d4       58%         4


Dungeon Overview and Level Annotations

Branches:
Dungeon (1/15)


Innate Abilities, Weirdness & Mutations

You have an increased reservoir of magic. (+10% MP)
You shall have no god before yourself.
Your divine heritage dramatically boosts your attributes as you level up.


Message History

c - a scroll labelled YSUKEC XUMENAKH The quokka barely misses you.
You don't have enough magic to cast this spell.
Unknown command.
Unknown command.
Unknown command.
You don't have enough magic to cast this spell.
Unknown command.
You closely miss the quokka. The quokka completely misses you.
Unknown command.
You closely miss the quokka. The quokka misses you. The quokka bites you.
You barely miss the quokka. The quokka closely misses you.
The quokka bites you but does no damage.
You closely miss the quokka. The quokka bites you.
You barely miss the quokka. The quokka bites you. x2
* * * LOW HITPOINT WARNING * * *
You are too injured to fight recklessly!
You are too injured to fight recklessly!
You closely miss the quokka. The quokka closely misses you.
Aiming: Magic Dart (safe; 3% risk of failure)
Press: ? - help, Q - select action Shift-Dir - straight line, f - quokka
Aim: a quokka (100% to hit)
The magic dart hits the quokka.
The quokka is lightly wounded.
The quokka misses you.
You don't have enough magic to cast this spell.
Unknown command.
You aren't carrying any potions.
As you read the scroll labelled YSUKEC XUMENAKH, it crumbles to dust.
It is a scroll of amnesia.
Really abort (and waste the scroll)? [Y]es or [N]o only, please.
Really abort (and waste the scroll)? [Y]es or [N]o only, please.
Really abort (and waste the scroll)?
Okay, then.
The quokka closely misses you. x2
Unknown command.
The quokka bites you.
You die...

+....#
#....#
##..## ##'#
#..# #..# P
#..# ...
#.†#
P.P..#.@#♣
P.P....r..♣
..........♣
####......♣
........♣♣
........♣
####....♣♣
......♣
......


You could see a quokka.

Vanquished Creatures
  A bat (D:1)
  A goblin (D:1)
  A hobgoblin (D:1)
  A frilled lizard (D:1)
4 creatures vanquished.

Notes
Turn   | Place    | Note
-------+----------+-------------------------------------------
     0 | D:1      | RighteousDevil the Demigod Conjurer began the quest for the
                  | Orb.
     0 | D:1      | Reached XP level 1. HP: 14/14 MP: 5/5
    35 | D:1      | Slain by a quokka

Illustrated notes

Levels and vault maps discovered:
D:1:      sevenhm_arrival_forest_fort_large_4, layout_loops_corners,
          shapermc_ecumenical_altar_acropolis

Action                   || total
-------------------------++-------
Melee: Club              ||     6
       Unarmed           ||     2
 Cast: Magic Dart        ||     7
  Use: Scroll            ||     1
Armor: Robe              ||     1
Dodge: Dodged            ||    10
